 Dungeon Crawl Stone Soup version 0.25.0-1-g7eea58d (webtiles) character file.

Game seed: 8179880147985971778

5587 Illumine the Cleaver (level 10, -9/90 HPs)
             Began as a Minotaur Fighter on June 28, 2020.
             Was a Priest of Ru.
             Mangled by a shadow (24 damage)
             ... on level 9 of the Dungeon on June 29, 2020.
             The game lasted 00:12:16 (7948 turns).

Illumine the Cleaver (Minotaur Fighter)             Turns: 7948, Time: 00:12:17

Health: -9/90      AC: 12    Str: 25    XL:     10   Next: 45%
Magic:  9/9        EV: 10    Int:  5    God:    Ru [***...]
Gold:   413        SH: 12    Dex: 15    Spells: 9/9 levels left

rFire    . . .     SeeInvis .   C - +0 broad axe
rCold    . . .     Gourm    .   c - +0 kite shield
rNeg     . . .     Faith    .   a - +0 chain mail
rPois    .         Spirit   .   d - +0 hat
rElec    .         Reflect  .   x - +0 cloak
rCorr    .         Harm     .   (no gloves)
MR       .....                  (no boots)
Stlth    ..........             (no amulet)
HPRegen  0.25/turn              m - +6 ring of dexterity
MPRegen  0.11/turn              (no ring)

@: exhausted, lightly drained
A: retaliatory headbutt, horns 2, no stealth, inability to use devices
a: Draw Out Power, Renounce Religion


You were on level 9 of the Dungeon.
You worshipped Ru.
Ru was most pleased with you.
You were very hungry.

You visited 2 branches of the dungeon, and saw 10 of its levels.

You collected 413 gold pieces.

Inventory:

Hand Weapons
 y - a +0 morningstar
 C - a +0 broad axe (weapon)
 D - a +2 war axe of venom
Armour
 a - a +0 chain mail (worn)
 c - a +0 kite shield (worn)
 d - a +0 hat (worn)
 x - a +0 cloak (worn)
Jewellery
 m - a +6 ring of dexterity (left hand)
Scrolls
 h - 2 scrolls of fear
 i - 3 scrolls of identify
 n - 3 scrolls of remove curse
 o - a scroll of fog {unknown}
 p - a scroll of immolation {unknown}
 q - a scroll of magic mapping
 v - 4 scrolls of teleportation {unknown}
 w - a scroll of enchant armour {unknown}
 z - a scroll of silence {unknown}
 A - a scroll of amnesia {unknown}
Potions
 e - 6 potions of curing
 g - 3 potions of haste
 j - a potion of stabbing
 k - 2 potions of invisibility {unknown}
 l - a potion of brilliance
 r - a potion of lignification
 s - 2 potions of heal wounds
 t - a potion of mutation
 u - a potion of cancellation
 B - 3 potions of might
Comestibles
 f - 10 rations


   Skills:
 + Level 8.8(8.5) Fighting
 + Level 10.8(10.4) Axes
 + Level 9.0(8.7) Armour
 + Level 5.7(5.3) Dodging
 + Level 8.9(8.5) Shields


You had 9 spell levels left.
You didn't know any spells.
Your spell library contained the following spells:

 Spells                   Type           Power        Failure   Level  Hunger
 Freeze                   Ice            #...         100%        1    ##.....
 Confusing Touch          Hex            #.......     100%        3    ####...
 Frozen Ramparts          Ice            #.....       100%        3    ####...
 Gell's Gravitas          Tloc           #.........   100%        3    ####...
 Ozocubu's Armour         Chrm/Ice       #.......     100%        3    ####...
 Hailstorm                Conj/Ice       #.......     100%        4    #####..
 Petrify                  Tmut/Erth      #.......     100%        4    #####..
 Summon Ice Beast         Ice/Summ       #.......     100%        4    #####..
 Metabolic Englaciation   Hex/Ice        #.........   100%        5    ######.
 Yara's Violent Unravell  Hex/Tmut       #.........   100%        5    ######.


Dungeon Overview and Level Annotations

Branches:
Dungeon (9/15)             Temple (1/1) D:4            Lair (0/6) D:9
    Orc: D:9-12

Altars:
Ashenzari
Cheibriados
Dithmenos
Fedhas
Hepliaklqana
Kikubaaqudgha
Makhleb
Okawaru
Qazlal
Ru
Sif Muna
Trog
Uskayaw
Vehumet
Wu Jian
Xom
Yredelemnul
Zin
The Shining One

Shops:
D:5 ((!=[   D:9 }


Innate Abilities, Weirdness & Mutations

You reflexively headbutt those who attack you in melee.
You have a pair of horns on your head.
You cannot be stealthy.
You cannot study or use magical devices.


Message History

You block the yak's attack.
You barely miss the yak. You headbutt the yak.
You kill the yak!
The shadow strikes at you from the darkness!
* * * LOW HITPOINT WARNING * * *
Reactivating autopickup.
Unknown command.
You are restored by drawing out deep reserves of power within.
You feel drained. You block the shadow's attack.
Your chain mail prevents you from hitting the shadow.
You headbutt the shadow.
The shadow is lightly damaged.
The shadow slips into darkness.
The shadow flickers and vanishes!
Deactivating autopickup; reactivate with Ctrl-A.
You slash something! You headbutt something.
The orc wizard gestures at you while chanting.
The magic dart hits something.
The shadow strikes at you from the darkness!
You die...

#.# ##.#. . . #.#### .
.o.. .#. ..##.. # #... ...
#.##.# #### ###.∩. #.#
#..#^# ... .....
#.####..#8### #. #...
#.##.#..#^#.###.
#...####.#.#.#.#.#.##..
#..oo{@)..#............
...%...######...#.###.##..
#...............#.###.###.
######.#####.........#....
#. #................. ..
#.####.####.#.#### ## #.#
#####....# #.# #....#..#
#.# #.##...##


You could see an orc wizard (fast) and an orc.

Vanquished Creatures
  A two-headed ogre (D:9)
  Maurice (D:8)
  2 hippogriffs (D:7)
  4 yaks (D:9)
  A water moccasin (D:5)
  3 sky beasts
  2 ice beasts
  2 black bears
  2 phantoms (D:7)
  6 ogres
  3 centaurs
  A big kobold (D:9)
  A bullfrog (D:7)
  5 killer bees (D:9)
  13 wights
  3 howler monkeys
  2 centaur zombies
  3 crimson imps (D:5)
  A bullfrog skeleton (D:7)
  4 hounds
  2 jellies
  A centaur skeleton (D:4)
  An iron imp (D:9)
  2 orc priests (D:3)
  2 iguanas
  3 orc wizards
  4 worker ants
  4 gnolls (D:3)
  A worker ant zombie (D:8)
  10 adders
  A shadow imp (D:6)
  A white imp (D:5)
  2 adder skeletons
  2 worms
  2 dart slugs
  6 leopard geckos
  26 orcs
  2 ball pythons
  4 giant cockroaches
  7 goblins
  2 hobgoblins (D:2)
  9 jackals
  3 quokkas
  9 bats
  3 frilled lizards
  A giant cockroach zombie (D:5)
  A goblin skeleton (D:9)
  A goblin zombie (D:9)
  A hobgoblin zombie (D:9)
  A jackal zombie (D:8)
  8 kobolds
  2 kobold skeletons (D:9)
  A kobold zombie (D:9)
  3 orc skeletons (D:9)
  2 quokka skeletons
  12 rats
202 creatures vanquished.

Notes
Turn   | Place    | Note
-------+----------+-------------------------------------------
     0 | D:1      | Illumine the Minotaur Fighter began the quest for the Orb.
     0 | D:1      | Reached XP level 1. HP: 19/19 MP: 0/0
   126 | D:1      | Reached XP level 2. HP: 27/27 MP: 1/1
   716 | D:2      | Reached skill level 3 in Axes
   716 | D:2      | Reached XP level 3. HP: 33/33 MP: 2/2
  1003 | D:2      | Found a blossoming altar of Fedhas.
  1318 | D:3      | Reached XP level 4. HP: 40/40 MP: 3/3
  1385 | D:3      | HP: 2/41 [poisoned by a kobold]
  1701 | D:3      | Found a bloodstained altar of Trog.
  1703 | D:3      | Found a burning altar of Makhleb.
  1706 | D:3      | Found a shimmering altar of Xom.
  1759 | D:3      | Reached skill level 4 in Axes
  1896 | D:3      | Reached XP level 5. HP: 20/47 MP: 4/4
  2679 | D:4      | Found a radiant altar of Vehumet.
  2692 | D:4      | Reached skill level 5 in Armour
  2763 | D:4      | Reached XP level 6. HP: 39/55 MP: 5/5
  2886 | D:4      | Reached skill level 5 in Fighting
  2886 | D:4      | Reached skill level 5 in Axes
  2886 | D:4      | Reached skill level 5 in Shields
  3531 | D:4      | Found a staircase to the Ecumenical Temple.
  3540 | Temple   | Entered the Ecumenical Temple
  3580 | Temple   | Became a worshipper of Ru the Awakened
  3938 | D:5      | Entered Level 5 of the Dungeon
  3944 | D:5      | Reached XP level 7. HP: 55/61 MP: 6/6
  4021 | D:5      | Found Qimirphok's Distillery.
  4039 | D:5      | Reached skill level 6 in Axes
  4307 | D:5      | Found Tistrastru's Antique Armour Emporium.
  4308 | D:5      | Found a hazy altar of Hepliaklqana.
  4317 | D:5      | Reached skill level 7 in Axes
  4365 | D:5      | Reached XP level 8. HP: 61/70 MP: 7/7
  4432 | D:5      | Reached skill level 1 in Dodging
  4569 | D:5      | Found Nutuvem's Antique Weapon Boutique.
  4746 | D:5      | Found Doenusud's Jewellery Boutique.
  4762 | D:5      | Found Ehianumm's Antique Weapon Boutique.
  4884 | D:5      | Found a glowing silver altar of Zin.
  4885 | D:5      | Noticed an angel
  4965 | D:5      | Found a snail-covered altar of Cheibriados.
  5164 | D:6      | Gained mutation: You cannot be stealthy. [Ru sacrifice]
  5214 | D:6      | Reached skill level 8 in Axes
  5371 | D:6      | Found an ornate altar of the Wu Jian Council.
  5632 | D:6      | Found a shadowy altar of Dithmenos.
  5656 | D:6      | Reached XP level 9. HP: 17/79 MP: 8/8
  6265 | D:7      | Reached skill level 9 in Axes
  6953 | D:8      | Noticed Maurice
  6971 | D:8      | Killed Maurice
  6971 | D:8      | Reached skill level 10 in Axes
  7257 | D:8      | Found a basalt altar of Yredelemnul.
  7273 | D:8      | Gained mutation: You cannot study or use magical devices.
                  | [Ru sacrifice]
  7273 | D:8      | Reached * piety under Ru
  7273 | D:8      | Reached ** piety under Ru
  7273 | D:8      | Reached *** piety under Ru
  7397 | D:8      | Reached XP level 10. HP: 88/88 MP: 9/9
  7428 | D:8      | You fall into a shaft and drop 1 floor!
  7429 | D:9      | Found a staircase to the Lair.
  7439 | D:9      | Found a glowing golden altar of the Shining One.
  7557 | D:9      | Reached skill level 5 in Dodging
  7909 | D:9      | Found Riubiam's Gadget Boutique.
  7914 | D:9      | Noticed a two-headed ogre
  7922 | D:9      | Killed a two-headed ogre
  7945 | D:9      | HP: 2/90 [something (21)]
  7948 | D:9      | Mangled by a shadow

Illustrated notes

Levels and vault maps discovered:
D:1:      dpeg_arrival_central, layout_basic, minmay_misc_feat_x
D:2:      layout_rooms, fedhas_altar_fruit_tree
D:3:      layout_loops_ring, minmay_overflow_temple_star_quad,
          minmay_curled_crystal
D:4:      layout_basic, vehumet_altar_wand_db, minmay_temple_entry_overgrown,
          gup_sewer_entry_bubbles, first_ration
D:5:      layout_rooms, lemuel_crystal_altar, cheibrodos_worm_habitat,
          zin_angel, serial_shops, kennysheep_little_box,
          nicolae_shop_statue_plus, nicolae_shop_stone,
          nicolae_shop_overgrown_old_shop, shop, kennysheep_doodads,
          minmay_fire_ice_demons
D:6:      layout_basic, nicolae_overflow_hidden_temple,
          nicolae_dithmenos_through_a_glass_darkly
D:7:      layout_basic
D:8:      layout_loops_ring, yredelemnul_altar_generic, uniq_maurice
D:9:      layout_loops_ring, nicolae_tso_besieged_by_evil, lair_entry_dummy,
          serial_shops, shop, the_bakery, ebering_dispersal_statue_hall
Temple:   nicolae_temple_hex_pool

Skill      XL: |  1  2  3  4  5  6  7  8  9 10 |
---------------+-------------------------------+-----
Armour         | 4 5 6 7 8 9 |  9.0
Shields        | 4 5 6 7 8 |  8.9
Fighting       | 4 5 6 7 8 |  8.8
Axes           | 3 4 5 7 8 10 | 10.8
Dodging        | 3 4 5 |  5.7

Action                   |  1- 3 |  4- 6 |  7- 9 | 10-12 || total
-------------------------+-------+-------+-------+-------++-------
Melee: War axe           |    82 |   128 |   233 |       ||   443
       Headbutt          |    10 |    23 |    52 |    26 ||   111
       Broad axe         |       |       |    28 |   103 ||   131
Invok: Sacrifice Stealth |       |       |     1 |       ||     1
       Sacrifice Artific |       |       |     1 |       ||     1
       Draw Out Power    |       |       |       |     1 ||     1
  Use: Potion            |       |     1 |       |       ||     1
       Scroll            |       |       |    12 |       ||    12
  Eat: Chunk             |     1 |     8 |    12 |     1 ||    22
Armor: Scale mail        |    39 |    60 |    49 |       ||   148
       Chain mail        |       |       |     8 |    39 ||    47
Dodge: Dodged            |    36 |    44 |    88 |    30 ||   198
Block: Kite shield       |    45 |    76 |   109 |    79 ||   309
